Unix NetHack Version 5.0.0-0 post-release - last build May  4 2026 22:22:43 (774f63e81ad911689b3a0859ea89b322d5daca8d,branch:main).

Game began 2026-05-07 15:51:54, ended 2026-05-07 16:21:13.

01246791210, neutral male human Barbarian

                                            ----        ---
                                            |..--     ---/---
                                          ---...--   --.....--
                                        ---......--  |.......|
                                   ------.........----......-
                                   |...(....................|
                                   |................---.|..--             ----
                                   |..%.%.%%.....<--- |.|---              |.)--
                                   -.............--   |.--        ----   --%).|
                                  |.............--    |..--       |..-----)..--
                                  --.|........---     |...|     ---...@.)%.---
                                   ..|.....|.--       |...--    |...|G.-----
                                  ---|...-----        |....--   |.----.|
                                     |....            |*....|  --.|  ..|
                                     |.---            |....%----..|  ..-
                                     ---              |..........--  ..
                                                      |.|......---   -.
                                                     --.|.....--     |.
                                                     |..|-.----      |.
                                                     |..|---         --
                                                     ----
01246791210 the Pillager   St:18 Dx:18 Co:18 In:8 Wi:7 Ch:6  Neutral
Dlvl:5  $:42 HP:0(50) Pw:6(6) AC:7  Xp:4 T:3012  Burdened

Latest messages:
 You begin eating a partly eaten food ration.
 The gnome thrusts his dagger.
 The gnome hits!
 You stop eating the food ration.
 What do you want to eat? [mr or ?*] r
 This fortune cookie is delicious!
 This cookie has a scrap of paper inside.
 It reads:
 Heavy-duty boots can protect more than just your feet.
 The gnome thrusts his dagger.
 The gnome hits!
 The gnome thrusts his dagger.
 The gnome hits!
 You kill the gnome!
 The gnome shoots an arrow!
 An arrow misses you.
 You have trouble lifting a pair of iron shoes.  Continue? [ynq] (q) n
 You have trouble lifting a pair of iron shoes.  Continue? [ynq] (q) n
 You have much trouble lifting a gnome corpse.  Continue? [ynq] (q) n
 The gnome swings her bow.
 The gnome misses!
 You kill the gnome!
 The gnome wields a dagger!
 The gnome thrusts his dagger.
 The gnome hits!
 You have a little trouble lifting G - 3 arrows.
 You have trouble lifting a bow.  Continue? [ynq] (q) n
 The gnome thrusts his dagger.
 The gnome hits!
 The gnome thrusts his dagger.
 The gnome hits!
 You kill the gnome!
 The gnome lord shoots 2 crossbow bolts!
 The 1st crossbow bolt misses you.
 You are hit by the 2nd crossbow bolt!
 You have a little trouble lifting H - a crossbow bolt.
 You have trouble lifting 4 daggers.  Continue? [ynq] (q) q
 The gnome lord shoots 3 crossbow bolts!
 You are almost hit by the 1st crossbow bolt.
 The 2nd crossbow bolt misses you.
 You are hit by the 3rd crossbow bolt.
 You hear the howling of the CwnAnnwn...
 The gnome lord swings his crossbow.
 The gnome lord hits!
 You die...
 Do you want your possessions identified? [ynq] (y) n
 Do you want to see your attributes? [ynq] (y) n
 Do you want an account of creatures vanquished? [ynaq] (y) n
 Do you want to see your conduct and achievements? [ynq] (y) n
 Do you want to see the dungeon overview? [ynq] (y) n

Inventory:
 Coins    ('$')
  $ - 42 gold pieces
 Amulets  ('"')
  p - an uncursed amulet of ESP
 Weapons  (')')
  G - 3 +0 arrows
  H - a blessed +0 crossbow bolt
  w - a +0 sling
  f - 8 +0 darts
  n - a blessed +0 orcish dagger
  k - a +1 orcish dagger
  o - a +0 orcish dagger
  b - a +0 axe (alternate weapon; not wielded)
  a - a +0 two-handed sword (weapon in hands)
 Armor    ('[')
  h - a blessed +0 dunce cap
  i - an uncursed +0 orcish helm
  l - a cursed -2 orcish helm
  E - an uncursed +0 pair of iron shoes
  c - a blessed +0 ring mail (being worn)
  j - an uncursed +1 ring mail
 Comestibles  ('%')
  m - an uncursed partly eaten food ration
 Scrolls  ('?')
  z - an uncursed scroll of destroy armor
 Tools    ('(')
  C - a magic marker (0:96)
  s - an uncursed mirror
  e - an uncursed oil lamp
  q - an uncursed oil lamp
 Gems/Stones  ('*')
  F - 2 uncursed worthless pieces of green glass
  t - an uncursed worthless piece of red glass
  x - 5 uncursed rocks
 Boulders/Statues  ('`')
  D - an empty uncursed statue of a giant bat
  A - an empty uncursed statue of an iguana

01246791210 the Barbarian's attributes:

Background:
 You were a Pillager, a level 4 male human Barbarian.
 You were neutral, nominally on a mission for Crom
 who was opposed by Mitra (lawful) and Set (chaotic).
 You were right-handed.
 You were in the Gnomish Mines, on level 5.
 You entered the dungeon 3012 turns ago.
 You had 152 experience points, 8 more were needed to attain level 5.

Basics:
 You had 0 out of 50 hit points.
 You had all 6 energy points (spell power).
 Your armor class was 7.
 Your wallet contained 42 zorkmids.
 Autopickup was off.

Final Characteristics:
 Your strength was 18 (limit:18/100).
 Your dexterity was 18 (limit:18).
 Your constitution was 18 (limit:18).
 Your intelligence was 8 (limit:18).
 Your wisdom was 7 (limit:18).
 Your charisma was 6 (limit:18).

Final Status:
 You weren't hungry.
 You were burdened; movement was slightly slowed.
 You were wielding a two-handed sword.
 You had basic skill with two-handed sword.

Final Attributes:
 You were piously aligned.
 You were poison resistant.
 You were warded.
 You are dead.

Miscellaneous:
 You didn't encounter any bones levels.
 Total elapsed playing time was 29 minutes and 18 seconds.

Major events:
 Turn
    1: 01246791210 the neutral male human Barbarian entered the dungeon
 1538: attained the rank of Pillager (level 3)
 2837: entered the Gnomish Mines
 3012: killed by a gnome lord

You didn't know any spells.

Skills:
 Fighting Skills
   bare handed combat [Basic]
   two weapon combat  [Unskilled]
   riding             [Unskilled]
 Weapon Skills
   dagger             [Unskilled]
   axe                [Basic]
   pick-axe           [Unskilled]
   short sword        [Unskilled]
   broadsword         [Unskilled]
   long sword         [Unskilled]
   two-handed sword   [Basic]
   saber              [Unskilled]
   club               [Unskilled]
   mace               [Unskilled]
   morning star       [Unskilled]
   flail              [Unskilled]
   hammer             [Unskilled]
   quarterstaff       [Unskilled]
   spear              [Unskilled]
   trident            [Unskilled]
   bow                [Unskilled]
 Spellcasting Skills
   attack spells      [Unskilled]
   escape spells      [Unskilled]

Voluntary challenges:
 Character rerolling was not enabled.
 You were an atheist.
 You never genocided any monsters.
 You never polymorphed an object.
 You never changed form.
 You used no wishes.
Achievements:
 You attained the rank of Pillager.
 You entered a shop.
 You entered the Gnomish Mines.

 The Dungeons of Doom: levels 1 to 4
    Level 1:
    Level 2:
    Level 3:
       A general store, a sink.
    Level 4:
       A fountain.
       Stairs down to The Gnomish Mines.
 The Gnomish Mines:
    Level 5: <- You were here.
       Final resting place for
          you, killed by a gnome lord.


Vanquished creatures:
  3 dwarves
  a wererat
 an acid blob
  a gas spore
  2 hobbits
  a hobgoblin
  a giant rat
  2 brown molds
  a yellow mold
  6 gnomes
  a gnome zombie
  2 jackals
  3 kobolds
  4 goblins
  4 sewer rats
  5 grid bugs
  a bat
  4 lichens
  9 newts
52 creatures vanquished.

No species were genocided or became extinct.

Game over:
                       ----------
                      /          \
                     /    REST    \
                    /      IN      \
                   /     PEACE      \
                  /                  \
                  |   01246791210    |
                  |      42 Au       |
                  |   killed by a    |
                  |    gnome lord    |
                  |                  |
                  |                  |
                  |       2026       |
                 *|     *  *  *      | *
        _________)/\\_//(\/(/\)/\//\/|_)_______

Goodbye 01246791210 the Barbarian...

You died in The Gnomish Mines on dungeon level 5 with 846 points,
and 42 pieces of gold, after 3012 moves.
You were level 4 with a maximum of 50 hit points when you died.

